 Dungeon Crawl Stone Soup version 0.18-a0-1737-gd6c99dd (webtiles) character file.

254704 QURUPT the Slayer (level 20, 0/210 HPs)
             Began as a Hill Orc Fighter on Apr 11, 2016.
             Was the Champion of Qazlal.
             Slain by QURUPT's illusion (50 damage)
             ... woven by Mara
             ... on level 3 of the Snake Pit.
             The game lasted 04:35:05 (40699 turns).

QURUPT the Slayer (Hill Orc Fighter)               Turns: 40699, Time: 04:35:06

Health: 0/210      AC: 26    Str: 37    XL:     20   Next: 19%
Magic:  12/30      EV: 13    Int: 11    God:    Qazlal [******]
Gold:   3154       SH: 11    Dex: 15    Spells: 0 memorised, 19 levels left

rFire  + + .     SeeInvis .     L - +5 battleaxe (freeze)
rCold  + . .     Gourm    .     W - +2 plate armour {rPois}
rNeg   . . .     Faith    .     (shield currently unavailable)
rPois  +         Spirit   .     Z - +2 hat {MR+}
rElec  .         Dismiss  .     S - +2 cloak {+Inv}
rCorr  .         Reflect  +     m - +0 pair of gloves
SustAt .         Harm     .     c - +0 pair of boots
MR     ++...     Clarity  +     p - +3 amulet of reflection
Stlth  ..........               y - ring of Xeowi Cyi {Wiz *Contam rF+ Str+4 Int+3}
                                N - ring of protection from cold

@: mighty, agile, protected from fire, repel missiles, very resistant to hostile
enchantments, extremely unstealthy
A: clarity, MP-powered wands
a: Upheaval, Elemental Force, Disaster Area, Renounce Religion, Evoke
Invisibility
}: 1/15 runes: decaying


You were on level 3 of the Snake Pit.
You worshipped Qazlal.
Qazlal was exalted by your worship.
You were not hungry.

You visited 8 branches of the dungeon, and saw 36 of its levels.
You also visited: Sewer, Ossuary and Wizlab.

You collected 3371 gold pieces.
You spent 217 gold pieces at shops.

Inventory:

Hand Weapons
 L - a +5 battleaxe of freezing (weapon)
Armour
 c - a +0 pair of boots (worn)
 m - a +0 pair of gloves (worn)
 S - a +2 cloak of invisibility (worn)
 W - a +2 plate armour of poison resistance (worn)
 Z - a +2 hat of magic resistance (worn)
Jewellery
 k - an uncursed ring of resist corrosion
 n - an uncursed amulet of the gourmand
 p - a +3 amulet of reflection (around neck)
 y - the ring of Xeowi Cyi (right hand) {Wiz *Contam rF+ Str+4 Int+3}
   (You found it on level 6 of the Lair of Beasts)

   [ring of wizardry]

   It improves your spell success rate.
   It affects your strength (+4).
   It affects your intelligence (+3).
   It protects you from fire.
   It causes magical contamination when unequipped.
 D - an uncursed amulet of rage
 I - an uncursed ring of fire
 N - a ring of protection from cold (left hand)
 P - an uncursed ring of protection from fire
Wands
 e - a wand of iceblast (6/15)
 h - a wand of digging (14/24)
 o - a wand of polymorph (19/24)
 x - a wand of lightning (5/15)
 T - a wand of iceblast (0/15)
 U - a wand of digging (6/24)
 V - a wand of teleportation (4/9)
 Y - a wand of paralysis (10/24)
Scrolls
 g - 8 scrolls of recharging
 i - 8 scrolls of teleportation
 q - a scroll of acquirement
 t - 5 scrolls of magic mapping
 v - a scroll of holy word
 w - 4 scrolls of blinking
 z - 15 scrolls of enchant armour
 E - 9 scrolls of identify
 G - 17 scrolls of remove curse
 J - 2 scrolls of silence
 K - 4 scrolls of fear
 O - a scroll of enchant weapon
 X - 4 scrolls of fog
Potions
 a - 2 potions of resistance
 d - 9 potions of curing
 s - 2 potions of cure mutation
 u - 3 potions of magic
 B - 2 potions of flight
 C - a potion of invisibility
 H - 2 potions of heal wounds
 M - 3 potions of cancellation
 R - a potion of agility
Miscellaneous
 j - a lamp of fire (inert)
Comestibles
 f - 18 bread rations
 l - 21 meat rations
 A - 18 beef jerkies
 Q - 9 royal jellies


   Skills:
 + Level 25.1 Fighting
 - Level 23.5 Axes
 - Level 13.3 Armour
   Level 10.0 Shields
 - Level 14.0 Invocations


You had 19 spell levels left.
You didn't know any spells.

Dungeon Overview and Level Annotations

Branches:
Dungeon (15/15)            Temple (1/1) D:7            Lair (8/8) D:11
  Swamp (4/4) Lair:5        Snake (3/4) Lair:4        Slime (0/6) Lair:7
    Orc (2/2) D:9             Elf (2/3) Orc:2        Vaults (0/5) D:14
 Depths (1/5) D:15

Altars:
Ashenzari
Cheibriados
Dithmenos
Elyvilon
Fedhas
Gozag
Kikubaaqudgha
Makhleb
Nemelex Xobeh
Okawaru
Pakellas
Qazlal
Ru
Sif Muna
Trog
Vehumet
Xom
Yredelemnul
Zin
The Shining One
Beogh
Lugonu

Shops:
Orc:1 *   Orc:2 :*(*   Snake:2 %

Portals:
Trove: D:13 (show slimy rune of Zot)

Annotations:
D:11 exclusion: orange crystal statue
Snake:3 Mara


Innate Abilities, Weirdness & Mutations

You possess an exceptional clarity of mind.
You expend magic power (3 MP) to strengthen your wands.


Message History

QURUPT's illusion is lightly wounded.
You slash the fire elemental! You freeze the fire elemental.
The fire elemental is almost destroyed.
Mara gestures at you. The bolt of fire hits you! You resist.
* * * LOW HITPOINT WARNING * * *
Your anaconda barely misses the fire elemental.
The fire elemental hits you. The fire elemental burns you! You resist.
* * * LOW HITPOINT WARNING * * *
QURUPT's illusion barely misses you.
You closely miss Mara.
Mara is almost dead.
You slice the fire elemental like a ripe choko!!!
You freeze the fire elemental.
You destroy the fire elemental!
You slice QURUPT's illusion!! You freeze QURUPT's illusion.
QURUPT's illusion is moderately wounded.
Mara gestures.
Mara blinks!
QURUPT's illusion hits you!!!
You die...

................#
......≈.........#
........≈.......#
..............≈.#
.≈......).....# ##
.≈≈...........# .#
..........§.§§##.#
...........S@§#.#
........≈.#§@..R#
..........####§.#
####.......####.##
####.....###..#
#.....#...##
#........##
#.../...##
##########......##
.#...#.+#.#......#


You could see Mara, QURUPT's illusion and a friendly anaconda.

Vanquished Creatures
  Nikola (Swamp:2)
  Rupert (Snake:1)
  Gastronok (Lair:2)
  A thorn hunter (Swamp:3)
  3 greater nagas
  Aizul (Snake:1)
  The ghost of Oooooo the Warrior, a journeyman MiFi of Okawaru (D:13)
  A stone giant (Orc:2)
  Nessos (Lair:7)
  A salamander stormcaller (D:15)
  A deep elf annihilator (Elf:1)
  An orange crystal statue (WizLab)
  An ettin (D:15)
  8 vault guards (D:14)
  Josephine (Snake:1)
  4 fire dragons
  18 hydras
  Erolcha (D:8)
  14 naga warriors
  4 ogre magi (Orc:2)
  9 anacondas
  3 centaur warriors
  A ghost crab (Swamp:3)
  11 alligators
  Erica (D:8)
  A deep troll shaman (Depths:1)
  11 dancing weapons
  2 orc high priests
  3 deep troll earth magi
  2 shock serpents
  4 naga sharpshooters
  2 spriggans (Swamp:3)
  3 deep elf knights
  2 fire crabs (Swamp:4)
  A salamander mystic (D:15)
  2 sea snakes (Snake:2)
  5 skeletal warriors (D:15)
  A shambling mangrove (Swamp:1)
  4 unseen horrors
  3 deep trolls (D:15)
  A spriggan druid (Swamp:3)
  7 hill giants
  4 deep elf archers
  6 naga ritualists
  7 swamp dragons
  An orc knight (D:9)
  A lindwurm (Lair:3)
  4 griffons
  A wolf spider zombie (D:15)
  4 orc sorcerers
  12 mana vipers
  13 ugly things
  3 cyclopes
  28 deep elf magi
  7 salamanders
  A hornet (Swamp:4)
  6 elephants (Lair:3)
  A manticore (D:15)
  Maurice (D:8)
  9 naga magi
  4 guardian serpents
  A torpor snail (Lair:8)
  28 black mambas
  3 spectral swamp worms
  3 gargoyles
  20 spiny frogs
  8 komodo dragons
  3 rime drakes
  3 kobold demonologists (D:10)
  An efreet (D:14)
  A queen bee (D:7)
  A tengu conjurer (D:15)
  12 trolls
  A troll (shapeshifter) (Elf:1)
  18 two-headed ogres
  7 giant leeches
  25 blink frogs
  8 polar bears (Lair:8)
  A raiju (shapeshifter) (Elf:1)
  5 bog bodies
  32 slime creatures
  3 raiju (Lair:8)
  4 snapping turtles (D:11)
  3 shadows
  5 wraiths
  A spriggan (shapeshifter) (Depths:1)
  2 water elementals
  10 basilisks
  2 wyverns
  42 yaks
  A fire elemental (Swamp:4)
  4 steam dragons
  13 hippogriffs
  Grum (D:9)
  8 wargs
  2 hungry ghosts (D:13)
  4 mottled dragons
  Menkaure (D:7)
  19 vampire mosquitoes
  38 nagas
  A soldier ant (D:13)
  28 swamp worms
  16 insubstantial wisps
  7 hell hounds (Lair:8)
  20 porcupines
  15 water moccasins
  17 swamp drakes
  29 orc warriors
  16 black bears
  6 sky beasts
  12 ice beasts
  35 ogres
  3 phantoms
  2 necrophages
  7 wasps
  2 eyes of draining
  5 centaurs
  20 wolves
  A boggart (D:10)
  27 crocodiles
  23 giant frogs
  4 big kobolds
  A wyvern zombie (D:13)
  4 scorpions
  A water moccasin skeleton (D:12)
  A wyvern skeleton (D:11)
  14 killer bees
  10 electric eels
  4 howler monkeys
  8 wights
  3 centaur zombies
  4 crimson imps
  2 lava snakes (Swamp:4)
  16 hounds
  2 human zombies (Ossuary)
  A giant frog zombie (D:12)
  A quasit (D:13)
  15 orc priests
  A gnoll shaman (Orc:1)
  6 centaur skeletons
  9 jellies
  26 orc wizards
  10 worker ants
  17 iguanas
  A hell rat (D:11)
  7 sheep (Lair:6)
  A hound zombie (D:6)
  A hound skeleton (D:10)
  5 mummies (Ossuary)
  A worker ant zombie (D:7)
  4 gnolls (Orc:2)
  20 adders
  39 river rats
  3 shadow imps
  9 oozes
  An adder zombie (D:8)
  3 adder skeletons
  4 worms (D:3)
  A dart slug (D:2)
  12 giant geckos
  105 orcs
  13 bats
  16 giant cockroaches
  5 goblins
  7 hobgoblins
  12 jackals
  27 kobolds
  7 quokkas
  14 ball pythons
  13 giant newts
  A gnoll zombie (Ossuary)
  2 goblin zombies (Ossuary)
  A hobgoblin zombie (Ossuary)
  A kobold zombie (Ossuary)
  A quokka skeleton (D:4)
  A quokka zombie (D:5)
  12 rats
  A bush (Lair:3)
  3 demonic plants (D:10)
  85 fungi
  67 plants
1559 creatures vanquished.

Vanquished Creatures (others)
  2 naga sharpshooters
  A lindwurm (Swamp:4)
  2 deep elf archers
  A cyclops (D:12)
  Joseph (D:8)
  A fire elemental (Elf:1)
  A steam dragon (Swamp:4)
  A centaur (D:13)
  An orc wizard (Orc:1)
  An orc (Orc:2)
  24 fungi
  25 plants
61 creatures vanquished.

Grand Total: 1620 creatures vanquished

Notes
Turn   | Place    | Note
--------------------------------------------------------------
     0 | D:1      | QURUPT the Hill Orc Fighter began the quest for the Orb.
     0 | D:1      | Reached XP level 1. HP: 19/19 MP: 1/1
    55 | D:1      | Reached XP level 2. HP: 16/26 MP: 2/2
   310 | D:1      | Found a shattered altar of Ashenzari.
   416 | D:1      | Reached XP level 3. HP: 30/31 MP: 3/3
   952 | D:2      | Reached skill level 5 in Axes
  1165 | D:2      | Reached XP level 4. HP: 39/39 MP: 4/4
  1906 | D:3      | Found a glowing drain.
  1919 | Sewer    | Entered a sewer
  2065 | Sewer    | Reached XP level 5. HP: 45/45 MP: 5/5
  2325 | Sewer    | Reached XP level 6. HP: 11/51 MP: 6/6
  3099 | D:4      | Reached XP level 7. HP: 43/57 MP: 7/7
  3280 | D:4      | Reached skill level 10 in Axes
  3575 | D:5      | Entered Level 5 of the Dungeon
  3805 | D:5      | Reached skill level 4 in Fighting
  3809 | D:5      | Gained mutation: You evolve. [mutagenic meat]
  4280 | D:5      | Reached skill level 5 in Fighting
  4410 | D:5      | Found a glowing golden altar of the Shining One.
  4542 | D:5      | Reached skill level 6 in Fighting
  4542 | D:5      | Reached XP level 8. HP: 71/71 MP: 8/8
  4815 | D:5      | Found a shadowy altar of Dithmenos.
  4962 | D:5      | Reached skill level 7 in Fighting
  5322 | D:6      | Found a bloodstained altar of Trog.
  5359 | D:6      | Reached skill level 8 in Fighting
  5395 | D:6      | Reached skill level 9 in Fighting
  5824 | D:6      | Found a stormy altar of Qazlal.
  5836 | D:6      | Became a worshipper of Qazlal Stormbringer
  5936 | D:6      | Reached skill level 10 in Fighting
  5999 | D:6      | Gained mutation: You expend magic power (3 MP) to strengthen your wands. [evolution]
  5999 | D:6      | Lost mutation: You evolve. [end of evolution]
  6157 | D:7      | Reached XP level 9. HP: 86/86 MP: 9/9
  6178 | D:7      | Found a staircase to the Ecumenical Temple.
  6236 | D:7      | Reached skill level 11 in Fighting
  6250 | D:7      | Noticed Menkaure
  6263 | D:7      | Killed Menkaure
  6663 | Temple   | Entered the Ecumenical Temple
  6768 | D:8      | Reached skill level 12 in Fighting
  6792 | D:8      | Noticed Joseph
  6804 | D:8      | Killed Joseph
  6842 | D:8      | Found a sand-covered staircase.
  6847 | Ossuary  | Entered an ossuary
  7193 | Ossuary  | Reached * piety under Qazlal
  7259 | D:8      | Reached skill level 13 in Fighting
  7267 | D:8      | Noticed Erica
  7375 | D:9      | Reached XP level 10. HP: 93/101 MP: 10/10
  7397 | D:8      | Killed Erica
  7677 | D:9      | Noticed Grum
  7715 | D:9      | Killed Grum
  8120 | D:8      | Noticed Maurice
  8607 | D:8      | Killed Maurice
  8844 | D:8      | Found a sparkling altar of Nemelex Xobeh.
  8853 | D:8      | Reached ** piety under Qazlal
  8858 | D:8      | Found a stormy altar of Qazlal.
  8859 | D:8      | Found a shadowy altar of Dithmenos.
  8860 | D:8      | Found a shattered altar of Ashenzari.
  8860 | D:8      | Found an iron altar of Okawaru.
  8861 | D:8      | Found a radiant altar of Vehumet.
  8863 | D:8      | Found a bloodstained altar of Trog.
  8901 | D:8      | Noticed Erolcha
  8916 | D:8      | Killed Erolcha
  8916 | D:8      | Reached skill level 15 in Axes
  8916 | D:8      | Reached XP level 11. HP: 92/107 MP: 11/11
  9356 | D:9      | Found a staircase to the Orcish Mines.
  9403 | D:9      | Reached *** piety under Qazlal
  9861 | Orc:1    | Entered Level 1 of the Orcish Mines
 10230 | Orc:2    | Entered Level 2 of the Orcish Mines
 10590 | Orc:2    | Reached **** piety under Qazlal
 10906 | Orc:2    | Found a staircase to the Elven Halls.
 10960 | Orc:2    | Noticed an ogre mage
 10968 | Orc:2    | Killed an ogre mage
 11030 | Orc:2    | Noticed an orc sorcerer
 11030 | Orc:2    | Paralysed by an orc sorcerer for 7 turns
 11036 | Orc:2    | Killed an orc sorcerer
 11875 | Orc:2    | Noticed an ogre mage
 11898 | Orc:2    | Noticed a stone giant
 11899 | Orc:2    | Reached skill level 5 in Armour
 11929 | Orc:2    | Killed a stone giant
 11929 | Orc:2    | Reached XP level 12. HP: 55/115 MP: 12/12
 11934 | Orc:2    | Killed an ogre mage
 12286 | Orc:2    | Noticed an ogre mage
 12397 | Orc:2    | Killed an ogre mage
 12556 | Orc:2    | Reached ***** piety under Qazlal
 13011 | Orc:2    | Reached skill level 10 in Armour
 13070 | Orc:2    | Noticed an ogre mage
 13087 | Orc:2    | Killed an ogre mage
 13166 | D:10     | Entered Level 10 of the Dungeon
 13467 | D:10     | Found a corrupted altar of Lugonu.
 14196 | D:11     | Noticed a centaur warrior
 14402 | D:11     | Reached XP level 13. HP: 122/122 MP: 13/13
 14453 | D:11     | Found a staircase to the Lair.
 14464 | D:11     | Reached skill level 5 in Shields
 15459 | Orc:2    | Found Faud's General Store.
 15460 | Orc:2    | Found Daobagh's Assorted Antiques.
 15460 | Orc:2    | Found Unlaor's Book Shop.
 15460 | Orc:2    | Found Pevoezxa's Weapon Shoppe.
 16077 | Orc:1    | Found Acith's General Store.
 16109 | Orc:1    | Reached ****** piety under Qazlal
 16120 | Orc:1    | Bought a scroll of blinking for 105 gold pieces
 16223 | Orc:1    | You fall through a shaft!
 17029 | Lair:1   | Entered Level 1 of the Lair of Beasts
 17561 | D:12     | Reached skill level 10 in Shields
 18591 | D:13     | Found a shadowy altar of Dithmenos.
 18660 | D:13     | Noticed Oooooo's ghost (journeyman MiFi)
 19503 | Lair:1   | Reached XP level 14. HP: 124/128 MP: 14/14
 19734 | Lair:2   | Noticed Gastronok
 19750 | Lair:1   | Reached skill level 1 in Invocations
 19786 | Lair:2   | Killed Gastronok
 19928 | Lair:2   | Reached skill level 5 in Invocations
 21311 | Lair:4   | Reached skill level 10 in Invocations
 21477 | Lair:4   | Found a staircase to the Snake Pit.
 22354 | Lair:5   | Found a staircase to the Swamp.
 23603 | Lair:6   | Got a bound silver ring
 23869 | Lair:7   | Noticed Nessos
 23926 | Lair:7   | Killed Nessos
 23936 | Lair:6   | Reached XP level 15. HP: 82/134 MP: 17/25
 24119 | Lair:7   | HP: 2/134 [eight-headed hydra (15)]
 24278 | Lair:7   | Identified the ring of Xeowi Cyi {Wiz *Contam rF+ Str+4 Int+3} (You found it on level 6 of the Lair of Beasts)
 24510 | Lair:7   | Found a staircase to the Slime Pits.
 24800 | Lair:8   | Entered Level 8 of the Lair of Beasts
 25108 | Lair:8   | Reached skill level 14 in Fighting
 25868 | Lair:8   | Reached skill level 15 in Fighting
 26524 | Orc:1    | Bought a scroll of identify for 28 gold pieces
 26524 | Orc:1    | Bought a scroll of identify for 28 gold pieces
 26524 | Orc:1    | Bought a scroll of identify for 28 gold pieces
 26524 | Orc:1    | Bought a scroll of identify for 28 gold pieces
 26995 | D:13     | Found a portal to a secret trove of treasure.
 27485 | D:14     | Found a runed door.
 27637 | D:14     | Found a gate to the Vaults.
 28084 | D:14     | Reached XP level 16. HP: 128/150 MP: 26/26
 28421 | D:14     | Found a roughly hewn altar of Beogh.
 28472 | D:15     | Entered Level 15 of the Dungeon
 28997 | D:15     | Found a staircase to the Depths.
 29436 | D:15     | Identified a scroll of acquirement
 30045 | Depths:1 | Entered Level 1 of the Depths
 30353 | D:13     | Killed Oooooo's ghost
 30483 | Elf:1    | Entered Level 1 of the Elven Halls
 30929 | Elf:1    | Found a magical portal.
 30934 | WizLab   | Entered Wucad Mu's Monastery
 30956 | WizLab   | Noticed a grey draconian monk
 31019 | WizLab   | Noticed a grey draconian monk
 31019 | WizLab   | Noticed a grey draconian monk
 31060 | WizLab   | Noticed a grey draconian monk
 31060 | WizLab   | Noticed a grey draconian monk
 31086 | WizLab   | Noticed a grey draconian monk
 31109 | WizLab   | Noticed a grey draconian monk
 31135 | WizLab   | Noticed a grey draconian monk
 31136 | WizLab   | Noticed a grey draconian monk
 31190 | WizLab   | Noticed a grey draconian monk
 31190 | WizLab   | Noticed a grey draconian monk
 31191 | WizLab   | Noticed a grey draconian monk
 31253 | WizLab   | Noticed a grey draconian monk
 31706 | Elf:1    | Reached skill level 16 in Fighting
 31798 | Elf:1    | Reached XP level 17. HP: 142/158 MP: 20/27
 31831 | Elf:1    | Reached skill level 17 in Fighting
 31979 | Elf:1    | Found an ancient bone altar of Kikubaaqudgha.
 32272 | Elf:1    | Reached skill level 18 in Fighting
 32736 | Swamp:1  | Entered Level 1 of the Swamp
 32747 | Swamp:1  | Reached skill level 19 in Fighting
 33653 | Swamp:1  | Reached skill level 20 in Fighting
 33910 | Swamp:2  | Noticed Nikola
 33915 | Swamp:2  | Reached XP level 18. HP: 173/180 MP: 28/28
 33920 | Swamp:2  | Killed Nikola
 35094 | Swamp:3  | Reached skill level 21 in Fighting
 35404 | Swamp:3  | Gained mutation: You possess an exceptional clarity of mind. [potion of beneficial mutation]
 35636 | Swamp:4  | Entered Level 4 of the Swamp
 36096 | Swamp:3  | Reached XP level 19. HP: 161/191 MP: 29/29
 36174 | Swamp:4  | Reached skill level 22 in Fighting
 36834 | Swamp:4  | Got a decaying rune of Zot
 37451 | Snake:1  | Entered Level 1 of the Snake Pit
 37497 | Snake:1  | Noticed Rupert
 37509 | Snake:1  | Killed Rupert
 37534 | Snake:1  | Noticed Josephine
 37544 | Snake:1  | Killed Josephine
 37550 | Snake:1  | Reached skill level 23 in Fighting
 37812 | Snake:1  | Noticed Aizul
 37823 | Snake:1  | Killed Aizul
 38851 | Snake:2  | Found Kohias's Food Boutique.
 38971 | Snake:2  | Reached skill level 24 in Fighting
 39815 | Snake:3  | Reached XP level 20. HP: 194/209 MP: 30/30
 40381 | Snake:3  | Reached skill level 25 in Fighting
 40661 | Snake:3  | Noticed Mara
 40678 | Snake:3  | Noticed QURUPT's illusion
 40699 | Snake:3  | Slain by QURUPT's illusion

Vault maps used:
D:1:      dpeg_arrival_stonehenge_8_columns, roderic_lattice_a,
          ashenzari_altar_1
D:2:      first_bread
D:3:      portal_sewer_entry_e, kennysheep_generic_room_14
D:4:      minmay_misc_feat_square
D:5:      tso_metal_star, basic_altar
D:6:      basic_altar, trog_book
D:7:      minmay_temple_entry_large_hall, uniq_menkaure
D:8:      minitemple, enter_ossuary_5, david_nohive_1, uniq_joseph,
          uniq_erolcha, uniq_erica, uniq_maurice
D:9:      hiddenorc2_lemuel, uniq_grum
D:10:     kennysheep_kobold_lugonu_temple, minmay_item_behind_shaft, st_stairs_3
D:11:     wad_bat_island, dpeg_lair_monsters, minmay_protected_statue
D:12:     minmay_strange_pillars
D:13:     enter_trove_6, grunt_dithmenos_smoke_and_mirrors
D:14:     erik_vaults_2, minmay_misc_feat_hallway, lightli_church_of_beogh
D:15:     hangedman_depths_entry_civil_slaughter, serial_bayou_lagoon_a
Temple:   nicolae_temple_x_marks_the_god
Lair:1:   grunt_megastairs_1
Lair:2:   nicolae_quartered_pool_super, infiniplex_staircase_pool,
          uniq_gastronok
Lair:4:   guppyfry_snake_entry_island
Lair:5:   swamp_mist_pool, lemuel_fruit_fields, grunt_megastairs_3
Lair:7:   minmay_slime_entry_pillars, serial_bayou_shore_b, grunt_megastairs_2,
          uniq_nessos
Lair:8:   hangedman_lair_caniforms_friends, guppyfry_lair_end_dragon
Swamp:1:  evilmike_swamp_ruin_house_4
Swamp:2:  serial_swamp_ruin, evilmike_swamp_ruin_house_6,
          hangedman_swamp_ruin_hall, evilmike_swamp_ruin_wall, uniq_nikola
Swamp:3:  hangedman_swamp_ruin_wall
Swamp:4:  swamp_fiery
Snake:1:  special_room, uniq_aizul, uniq_josephine, uniq_rupert
Snake:2:  serial_shops, shop, serial_bayou_crossing
Snake:3:  serial_shops, shop, serial_bayou_shore_b, grunt_megastairs_4,
          uniq_mara
Orc:1:    minmay_goldmine, serial_shops, shop
Orc:2:    st_orc_ogre_mass
Elf:1:    basic_altar, serial_corexii_hall, corexii_hall_statues_deadend,
          corexii_hall_statues_u, infiniplex_enter_wizlab_spiral,
          hangedman_elven_crosses_minicolossus
Elf:2:    serial_shops, shop
Depths:1: pf_hell_entry_tar_river, minmay_misc_feat_diagonals,
          due_unseen_surprise, uniq_enchantress
Sewer:    sewer_frog_island_02
Ossuary:  ossuary_crypta
WizLab:   wizlab_wucad

Skill      XL: |  1  2  3  4  5  6  7  8  9 10 11 12 13 14 15 16 17 18 19 20 |
---------------+-------------------------------------------------------------+-----
Axes           | 3 4 5 6 8 9 10 11 15 17 19 20 23 | 23.5
Fighting       | 6 10 13 15 16 20 21 24 25 | 25.1
Armour         | 6 12 13 | 13.3
Shields        | 4 10 | 10.0
Invocations    | 13 14 | 14.0

Action                   |  1- 3 |  4- 6 |  7- 9 | 10-12 | 13-15 | 16-18 | 19-21 || total
-------------------------+-------+-------+-------+-------+-------+-------+-------++-------
Melee: War axe           |   105 |   288 |   447 |   798 |   350 |       |       ||  1988
       Unarmed           |       |       |       |    13 |       |       |       ||    13
       Broad axe         |       |       |       |       |  1099 |       |       ||  1099
       Battleaxe         |       |       |       |       |   187 |   783 |   588 ||  1558
Invok: Disaster Area     |       |       |       |       |     1 |     4 |     2 ||     7
       Upheaval          |       |       |       |       |     1 |     3 |       ||     4
       Elemental Force   |       |       |       |       |       |     1 |     1 ||     2
Evoke: Wand              |       |       |       |     1 |    14 |     7 |       ||    22
       Phantom mirror    |       |       |       |       |       |     1 |     1 ||     2
       Lamp of fire      |       |       |       |       |       |       |     1 ||     1
  Use: Potion            |     3 |       |     5 |     8 |     3 |    13 |     2 ||    34
       Scroll            |       |     5 |     6 |    10 |    22 |    12 |     3 ||    58
 Stab: Invisible         |       |       |       |     3 |       |       |       ||     3
       Confused          |       |       |       |       |     2 |       |       ||     2
  Eat: Chunk             |     1 |     7 |    14 |    22 |    36 |     8 |     2 ||    90
       Fruit             |       |       |     1 |     2 |     4 |    19 |     2 ||    28
       Pizza             |       |       |       |       |     4 |       |       ||     4
       Beef jerky        |       |       |       |       |       |     2 |     8 ||    10
